 Dungeon Crawl Stone Soup version 0.21-a0-578-gc6e9d75 (webtiles) character file.

40 vishdafish the Charmwright (level 3, 27/27 HPs)
             Began as a Demonspawn Skald on Dec 18, 2017.
             Quit the game on level 1 of the Dungeon.
             The game lasted 00:01:35 (1001 turns).

vishdafish the Charmwright (Demonspawn Skald)       Turns: 1001, Time: 00:01:35

Health: 27/27      AC:  3    Str: 11    XL:     3   Next: 30%
Magic:  6/6        EV: 12    Int: 15    God:
Gold:   72         SH:  0    Dex: 12    Spells: 5/6 levels left

rFire    . . .     SeeInvis .   a - +0 spear
rCold    + . .     Gourm    .   (no shield)
rNeg     . . .     Faith    .   b - +0 leather armour
rPois    .         Spirit   .   (helmet restricted)
rElec    .         Reflect  .   (no cloak)
rCorr    .         Harm     .   (no gloves)
MR       .....                  (no boots)
Stlth    +.........             (no amulet)
HPRegen  0.09/turn              (no ring)
MPRegen  0.10/turn              (no ring)

@: no status effects
A: antennae 1, cold resistance 1
a: no special abilities


You were on level 1 of the Dungeon.
You were hungry.

You visited 1 branch of the dungeon, and saw 2 of its levels.

You collected 72 gold pieces.

Inventory:

Hand Weapons
 a - a +0 spear (weapon)
Armour
 b - a +0 leather armour (worn)
Scrolls
 e - a scroll of identify
Potions
 f - a potion of ambrosia {unknown}
Books
 c - a book of Battle

   Spells                             Type                      Level
   a - Infusion                       Charms                       1
   b - Shroud of Golubria             Charms/Translocation         2
   c - Song of Slaying                Charms                       2
   d - Spectral Weapon                Hexes/Charms                 3
   e - Regeneration                   Charms/Necromancy            3
Comestibles
 d - a ration


   Skills:
 - Level 2.0 Fighting
 * Level 2.5 Polearms
 + Level 1.4 Armour
 + Level 2.1 Dodging
 - Level 2.0 Spellcasting
 + Level 3.0 Charms


You had 5 spell levels left.
You knew the following spells:

 Your Spells              Type           Power        Failure   Level  Hunger
a - Infusion              Chrm           ##..         9%          1    #......


Dungeon Overview and Level Annotations

Branches:
Dungeon (2/15)

Altars:


Innate Abilities, Weirdness & Mutations

You have a pair of small antennae on your head.
Your flesh is cold resistant. (rC+)


Message History

No target in view!
No target in view!
No target in view!
No target in view!
No target in view!
No target in view!
No target in view!
No target in view!
Found a whip.
Things that are here:
a club; a hobgoblin corpse; a rat corpse You see here a halberd.
You see here a halberd.
Things that are here:
a club; a hobgoblin corpse; a rat corpse Your magical contamination has completely faded away.
You see here 11 stones.
You are feeling hungry.
You see here a club.
Are you sure you want to abandon this character and quit the game? (Confirm with "yes".)

####.......# #.# ♣≈≈♣P♣≈≈♣♣ #.
...........# #.##≈P♣≈≈P♣P≈≈.♣≈#.
####.......# #.##≈♣♣≈≈.P♣≈≈♣♣≈#.
..##.......# #.##≈♣♣≈≈P♣P≈≈♣♣≈#.
..##....#### #.##≈♣.≈≈♣.P≈≈♣♣≈#.
...####.# ###.##≈♣.≈≈≈≈≈≈≈P.≈##
...# #.# #...##≈PP≈.....≈.P≈#.
...# #.# #....#≈≈≈≈.###.≈≈≈≈#.
...## #.# #...@'.....#§#.....'.
....###.### #...##≈≈≈≈.###.≈≈≈≈#.
..........###.[.##≈P.≈.....≈PP≈#.
#########..####.##≈..≈≈≈≈≈≈≈.♣≈##
#...#...#..## #.##≈♣P≈≈♣♣♣≈≈P♣≈#
#.#.#.#.#...# #.##≈♣♣≈≈♣♣P≈≈♣♣≈#
#.#.#.#.#...# #.##≈.P≈≈.♣.≈≈.♣≈#
#.#.#.#.#...# #.##≈P.≈≈PPP≈≈♣.≈#
#.#.#.#.#...# #.# PP≈≈♣


There were no monsters in sight!

Vanquished Creatures
  A gnoll (D:1)
  An ooze (D:1)
  A dart slug (D:1)
  4 goblins (D:1)
  7 hobgoblins (D:1)
  A jackal (D:1)
  A bat (D:1)
  3 frilled lizards (D:1)
  2 kobolds (D:1)
  2 rats (D:1)
23 creatures vanquished.

Notes
Turn   | Place    | Note
-------+----------+-------------------------------------------
     0 | D:1      | vishdafish the Demonspawn Skald began the quest for the Orb.
     0 | D:1      | Reached XP level 1. HP: 16/16 MP: 3/3
    41 | D:1      | Reached skill level 1 in Armour
   286 | D:1      | Gained mutation: You have a pair of small antennae on your head. [demonic ancestry]
   286 | D:1      | Reached XP level 2. HP: 21/22 MP: 0/5
   398 | D:2      | HP: 1/22 [frilled lizard (2)]
   854 | D:1      | Gained mutation: Your flesh is cold resistant. (rC+) [demonic ancestry]
   854 | D:1      | Reached XP level 3. HP: 25/27 MP: 6/6
   882 | D:1      | Reached skill level 3 in Charms
  1001 | D:1      | Quit the game

Vault maps used:
D:1:      lightli_arrival_farm, minivault_27, minivault_26

Skill      XL: |  1  2  3 |
---------------+----------+-----
Armour         | 1 |  1.4
Polearms       | 2 |  2.5
Dodging        | 2 |  2.1
Charms         | 3 |  3.0
Fighting       | |  2.0
Spellcasting   | |  2.0

Action                   || total
-------------------------++-------
Melee: Spear             ||    91
 Cast: Infusion          ||     4
  Use: Scroll            ||     1
 Stab: Sleeping          ||     1
Armor: Leather armour    ||    21
Dodge: Dodged            ||    53

Table legend:
 A = Spawn XP
 B = Non-spawn XP
 C = Spawn XP percentage of total XP
 D = Spawn monster count
 E = Non-spawn monster count
 F = Spawn count percentage of total count
 G = Total turns spent on level
                    A         B        C        D         E        F      G
               +---------+---------+-------+---------+---------+-------+---------
         Total |       0 |      58 |   0.0 |       0 |      23 |   0.0 |  1001
               +---------+---------+-------+---------+---------+-------+---------
           D:1 |       0 |      58 |   0.0 |       0 |      23 |   0.0 |   988
               +---------+---------+-------+---------+---------+-------+---------
